 Dungeon Crawl Stone Soup version 0.22-a0-374-g5dfd9e3 (webtiles) character file.

143 Monsterracer the Conjurer (level 5, 0/38 HPs)
             Began as a Draconian Wizard on Apr 26, 2018.
             Slain by Grinder (2 damage)
             ... on level 3 of the Dungeon.
             The game lasted 00:04:30 (3712 turns).

Monsterracer the Conjurer (Draconian Wizard)        Turns: 3712, Time: 00:04:31

Health: 0/38       AC: 13    Str:  9    XL:     5   Next: 4%
Magic:  3/9        EV: 12    Int: 19    God:
Gold:   80         SH:  0    Dex: 10    Spells: 1/10 levels left

rFire    . . .     SeeInvis .   i - +0 dagger (protect)
rCold    . . .     Gourm    .   (no shield)
rNeg     . . .     Faith    +   (armour unavailable)
rPois    +         Spirit   .   a - +0 hat
rElec    .         Reflect  .   j - +0 cloak
rCorr    .         Harm     .   (no gloves)
MR       .....                  (no boots)
Stlth    ++........             l - amulet of faith
HPRegen  0.12/turn              k - ring of poison resistance {!d}
MPRegen  0.11/turn              (no ring)

@: protection aura
A: unfitting armour, cold-blooded, AC +5
a: no special abilities


You were on level 3 of the Dungeon.
You were near starving.

You visited 1 branch of the dungeon, and saw 3 of its levels.

You collected 80 gold pieces.

Inventory:

Hand Weapons
 i - a +0 dagger of protection (weapon)
Armour
 a - a +0 hat (worn)
 j - a +0 cloak (worn)
Jewellery
 k - a ring of poison resistance (left hand) {!d}
 l - an amulet of faith (around neck)
Wands
 b - a wand of flame (22)
Scrolls
 d - a scroll of teleportation
 g - a scroll of identify
 m - a scroll of remove curse
Potions
 e - a potion of flight
 f - 2 potions of haste
 h - a potion of magic
Comestibles
 c - 11 rations


   Skills:
 - Level 1.7 Dodging
 - Level 1.7 Stealth
 - Level 3.0 Spellcasting
 + Level 4.9 Conjurations
   Level 1.0 Summonings
 - Level 1.0 Translocations


You had one spell level left.
You knew the following spells:

 Your Spells              Type           Power        Failure   Level  Hunger
a - Magic Dart            Conj           ###.         1%          1    None
b - Conjure Flame         Conj/Fire      ##......     17%         3    ###....
c - Mephitic Cloud        Conj/Pois/Air  #.......     24%         3    ###....
e - Blink                 Tloc           N/A          16%         2    ##.....


Dungeon Overview and Level Annotations

Branches:
Dungeon (3/15)

Altars:
Trog

Annotations:
D:3 Grinder


Innate Abilities, Weirdness & Mutations

Your plain brown scales are hard. (AC +5)
You cannot fit into any form of body armour.
You are cold-blooded and may be slowed by cold attacks.


Message History

Aim: Grinder The magic dart hits Grinder.
Grinder is lightly wounded.
Grinder blinks!
You now have 8/9 mp.
Casting: Magic Dart (safe; 1% risk of failure)
Confirm with . or Enter, or press ? or * to list all spells.
Aiming: Magic Dart (safe; 1% risk of failure)
Press: ? - help, Shift-Dir - straight line, f/p - Grinder
Aim: Grinder (lightly wounded)
The magic dart hits Grinder.
Grinder is lightly wounded.
Grinder hits you but does no damage.
You now have 7/9 mp.
Casting: Magic Dart (safe; 1% risk of failure)
Confirm with . or Enter, or press ? or * to list all spells.
Aiming: Magic Dart (safe; 1% risk of failure)
Press: ? - help, Shift-Dir - straight line, f/p - Grinder
Aim: Grinder (lightly wounded)
The magic dart hits Grinder.
Grinder is moderately wounded.
Grinder hits you!
You writhe in agony.
You take 9 damage, and have 29/38 hp.
MASSIVE DAMAGE!!
You now have 6/9 mp.
You hit Grinder.
Your weapon exudes an aura of protection.
Grinder is moderately wounded.
Grinder gestures at you. You resist with significant effort.
You closely miss Grinder.
Grinder is moderately wounded.
Grinder barely misses you.
You completely miss Grinder.
Grinder is moderately wounded.
Grinder gestures at you.
You suddenly lose the ability to move!
You are near starving!
Grinder hits you.
You writhe in agony.
Grinder hits you but does no damage. Grinder gestures at you.
You barely resist. Grinder hits you.
* * * LOW HITPOINT WARNING * * *
You writhe in agony.
* * * LOW HITPOINT WARNING * * *
You can move again.
You take 17 damage, and have 12/38 hp.
MASSIVE DAMAGE!!
Unknown command.
Unknown command.
Casting: Magic Dart (safe; 1% risk of failure)
Confirm with . or Enter, or press ? or * to list all spells.
Aiming: Magic Dart (safe; 1% risk of failure)
Press: ? - help, Shift-Dir - straight line, f/p - Grinder
Aim: Grinder (moderately wounded)
The magic dart hits Grinder.
Grinder is moderately wounded.
Grinder barely misses you.
You now have 6/9 mp.
You hit Grinder but do no damage.
Your weapon exudes an aura of protection.
Grinder is moderately wounded.
Grinder gestures at you. You resist with significant effort.
Unknown command.
Casting: Magic Dart (safe; 1% risk of failure)
Confirm with . or Enter, or press ? or * to list all spells.
Aiming: Magic Dart (safe; 1% risk of failure)
Press: ? - help, Shift-Dir - straight line, f/p - Grinder
Aim: Grinder (moderately wounded)
The magic dart hits Grinder.
Grinder is heavily wounded.
Grinder hits you but does no damage.
You now have 5/9 mp.
Casting: Magic Dart (safe; 1% risk of failure)
Confirm with . or Enter, or press ? or * to list all spells.
Aiming: Magic Dart (safe; 1% risk of failure)
Press: ? - help, Shift-Dir - straight line, f/p - Grinder
Aim: Grinder (heavily wounded)
The magic dart hits Grinder.
Grinder is severely wounded.
Grinder barely misses you.
You now have 4/9 mp.
Casting: Magic Dart (safe; 1% risk of failure)
Confirm with . or Enter, or press ? or * to list all spells.
Aiming: Magic Dart (safe; 1% risk of failure)
Press: ? - help, Shift-Dir - straight line, f/p - Grinder
Aim: Grinder (severely wounded)
The magic dart hits Grinder.
Grinder is severely wounded.
Grinder says, "Mostly I couldn't keep them alive."
Grinder hits you!
* * * LOW HITPOINT WARNING * * *
You writhe in agony.
* * * LOW HITPOINT WARNING * * *
You take 11 damage, and have 1/38 hp.
MASSIVE DAMAGE!!
You now have 3/9 mp.
You hit Grinder but do no damage.
Your weapon exudes an aura of protection.
Your tail-slap misses Grinder.
Grinder is severely wounded.
Grinder hits you.
You die...

...........##.#..#.# #...#####5
.#.......####.##.#.# #.........
.#.......###.(.....#####...#####.
.........##.#.##.................
##.........###...................
#.......##.#.#>.................
##.......###.##..#######...#####.
##...>...# #.##.5# #....>....
############.##.@# #...###... #
#......#.##.## #...###... #
##.####.#.##.# #....##...
####.#.....#....# ### #....##...
....###.........###.## #..5.##...
####.#.....#######...######.##...
##......# ##.....#####.##...
######## ###.......#.........
#........5..##.##...


You could see Grinder.

Vanquished Creatures
  A worker ant (D:2)
  3 adders
  2 oozes (D:1)
  2 worms
  4 dart slugs
  2 leopard geckos
  9 bats
  5 giant cockroaches
  3 goblins
  8 hobgoblins
  8 jackals
  A quokka (D:2)
  A ball python (D:2)
  8 kobolds
  9 rats
66 creatures vanquished.

Notes
Turn   | Place    | Note
-------+----------+-------------------------------------------
     0 | D:1      | Monsterracer the Draconian Wizard began the quest for the Orb.
     0 | D:1      | Reached XP level 1. HP: 14/14 MP: 4/4
   133 | D:1      | Reached skill level 2 in Conjurations
   133 | D:1      | Reached XP level 2. HP: 20/20 MP: 0/6
   137 | D:1      | Learned a level 2 spell: Blink
   759 | D:1      | Reached skill level 3 in Conjurations
   762 | D:1      | Reached XP level 3. HP: 17/26 MP: 0/7
   779 | D:1      | Learned a level 3 spell: Conjure Flame
  1826 | D:2      | Reached XP level 4. HP: 33/33 MP: 3/8
  1878 | D:2      | Learned a level 3 spell: Mephitic Cloud
  1922 | D:2      | Reached skill level 4 in Conjurations
  2516 | D:2      | HP: 16/33 [poisoned by a worker ant]
  2874 | D:3      | Found a bloodstained altar of Trog.
  3131 | D:3      | Reached XP level 5. HP: 38/38 MP: 6/9
  3351 | D:3      | Noticed Grinder
  3367 | D:3      | HP: 19/38 [Grinder/nerve-wracking pain (2)]
  3372 | D:3      | HP: 18/38 [Grinder (1)]
  3374 | D:3      | HP: 7/38 [Grinder (5)]
  3377 | D:3      | Paralysed by Grinder for 2 turns
  3379 | D:3      | HP: 6/38 [Grinder/nerve-wracking pain (1)]
  3385 | D:3      | HP: 6/38 [Grinder/nerve-wracking pain (1)]
  3702 | D:3      | Paralysed by Grinder for 5 turns
  3706 | D:3      | HP: 18/38 [Grinder (6)]
  3711 | D:3      | HP: 4/38 [Grinder (8)]
  3711 | D:3      | HP: 1/38 [Grinder (3)]
  3712 | D:3      | Slain by Grinder

Vault maps used:
D:1:      dpeg_arrival_rooms_a, due_unseen_surprise
D:2:      first_ration, minmay_domino_2
D:3:      bloody_trog, uniq_grinder

Skill      XL: |  1  2  3  4 |
---------------+-------------+-----
Conjurations   | 2 3 4 |  4.9
Dodging        | |  1.7
Stealth        | |  1.7
Spellcasting   | |  3.0
Summonings     | |  1.0
Translocations | |  1.0

Action                   |  1- 3 |  4- 6 || total
-------------------------+-------+-------++-------
Melee: Short sword       |    32 |       ||    32
       Tailslap          |     1 |     4 ||     5
       Dagger            |       |    54 ||    54
 Cast: Magic Dart        |    87 |    73 ||   160
       Conjure Flame     |       |     1 ||     1
  Use: Scroll            |       |    11 ||    11
  Eat: Chunk             |     3 |     4 ||     7
Armor: Skin              |    19 |    30 ||    49
Dodge: Dodged            |    46 |    42 ||    88

Table legend:
 A = Spawn XP
 B = Non-spawn XP
 C = Spawn XP percentage of total XP
 D = Spawn monster count
 E = Non-spawn monster count
 F = Spawn count percentage of total count
 G = Total turns spent on level
                    A         B        C        D         E        F      G
               +---------+---------+-------+---------+---------+-------+---------
         Total |       0 |     205 |   0.0 |       0 |      66 |   0.0 |  3712
               +---------+---------+-------+---------+---------+-------+---------
           D:1 |       0 |      53 |   0.0 |       0 |      24 |   0.0 |  1263
           D:2 |       0 |     126 |   0.0 |       0 |      35 |   0.0 |  1718
           D:3 |       0 |      26 |   0.0 |       0 |       7 |   0.0 |   731
               +---------+---------+-------+---------+---------+-------+---------

Vault maps used:
D:1:      dpeg_arrival_rooms_a, due_unseen_surprise
D:2:      first_ration, minmay_domino_2
D:3:      bloody_trog, uniq_grinder
